 Dungeon Crawl Stone Soup version 0.31-a0-210-gccc998df9b (webtiles) character file.

Game seed: 13451176601433514431

11883 funkygono the Cleaver (level 11, -3/101 HPs)
             Began as a Minotaur Fighter on June 29, 2023.
             Was a Believer of Okawaru.
             Slain by a culicivora (16 damage)
             ... on level 2 of the Lair of Beasts.
             The game lasted 00:17:06 (9224 turns).

funkygono the Cleaver (Minotaur Fighter)            Turns: 9224, Time: 00:17:07

Health: -3/101     AC: 31    Str: 31    XL:     11   Next: 55%
Magic:  10/10      EV:  6    Int:  5    God:    Okawaru [**....]
Gold:   552        SH:  5    Dex: 10    Spells: 10/10 levels left

rFire   . . .        a - +5 war axe (freeze)
rCold   . . .        c - +0 buckler
rNeg    . . .        e - +2 crystal plate armour
rPois   .            q - +1 hat {Stlth+}
rElec   .            f - +0 cloak
rCorr   .            (no gloves)
SInv    .            l - +0 pair of boots
Will    .....        A - amulet of Vitality {RegenMP++ Regen++} Stlth
                     w - +6 ring of strength
HPRegen 1.96/turn    y - +4 ring of protection
MPRegen 0.92/turn

%: no passive effects
@: no status effects
A: horns 2, retaliatory headbutt
a: Renounce Religion, Heroism


You were on level 2 of the Lair of Beasts.
You worshipped Okawaru.
Okawaru was pleased with you.
You visited 3 branches of the dungeon, and saw 12 of its levels.

You collected 552 gold pieces.

Inventory:

Hand Weapons
 a - a +5 war axe of freezing (weapon)
Missiles
 m - 5 boomerangs (quivered)
 n - 117 stones
 p - a throwing net
Armour
 c - a +0 buckler (worn)
 e - a +2 crystal plate armour (worn)
 f - a +0 cloak (worn)
 l - a +0 pair of boots (worn)
 q - a +1 hat of stealth (worn)
Jewellery
 w - a +6 ring of strength (left hand)
 y - a +4 ring of protection (right hand)
 A - the amulet of Vitality (around neck) {RegenMP++ Regen++}
   (You found it on level 8 of the Dungeon)

   [amulet of magic regeneration]

   It increases your rate of magic regeneration.
   Regen:     It increases your rate of health regeneration.
Wands
 x - a wand of roots (7)
 z - a wand of digging (8)
Scrolls
 t - 4 scrolls of teleportation
 v - a scroll of brand weapon
 B - a scroll of blinking {unknown}
 C - a scroll of identify
Potions
 b - 2 potions of magic {unknown}
 d - 3 potions of might
 g - 6 potions of curing
 h - 3 potions of lignification
 i - a potion of attraction {unknown}
 j - 3 potions of invisibility
 k - 2 potions of mutation
 o - 3 potions of haste
 r - a potion of brilliance {unknown}
 s - 2 potions of cancellation
 u - a potion of degeneration {unknown}


   Skills:
 + Level 10.3 Fighting
 + Level 14.7 Axes
 + Level 2.4 Throwing
 + Level 11.6 Armour
 + Level 7.4 Shields
 + Level 0.5 Invocations
 + Level 1.7 Evocations


You had 10 spell levels left.
You didn't know any spells.
Your spell library contained the following spells:

 Spells                   Type           Power      Damage    Failure   Level
 Necrotise                Necr           0%         1d4       100%        1
 Slow                     Hex            0%         N/A       100%        1
 Cigotuvi's Dreadful Rot  Necr/Pois/Air  0%         N/A       100%        2
 Lesser Beckoning         Tloc           0%         N/A       100%        2
 Confusing Touch          Hex            0%         N/A       100%        3
 Dazzling Flash           Conj/Hex       0%         N/A       100%        3
 Gell's Gravitas          Tloc           0%         N/A       100%        3
 Ignite Poison            Fire/Tmut/Pois 0%         N/A       100%        3
 Teleport Other           Tloc           0%         N/A       100%        3
 Vampiric Draining        Necr           0%         2d6       100%        3
 Volatile Blastmotes      Fire/Tloc      0%         2d10      100%        3
 Fulminant Prism          Conj/Hex       0%         3d5       100%        4
 Iskenderun's Mystic Bla  Conj/Tloc      0%         2d3       100%        4
 Agony                    Necr           0%         N/A       100%        5
 Freezing Cloud           Conj/Ice/Air   0%         6-21      100%        5
 Lee's Rapid Deconstruct  Erth           0%         3d4*      100%        5
 Starburst                Conj/Fire      0%         6d3       100%        6


Dungeon Overview and Level Annotations

Branches:
Dungeon (9/15)             Temple (1/1) D:4            Lair (2/5) D:9
 Spider (0/4) Lair:2
  Swamp: Lair:2-3    Shoals: Lair:2-3       Orc: D:9-12

Altars:
Ashenzari
Cheibriados
Dithmenos
Elyvilon
Fedhas
Gozag
Hepliaklqana
Kikubaaqudgha
Makhleb
Nemelex Xobeh
Okawaru
Qazlal
Ru
Sif Muna
Trog
Uskayaw
Vehumet
Wu Jian
Xom
Yredelemnul
Zin
The Shining One

Shops:
D:2 !   D:4 =   D:5 :


Innate Abilities, Weirdness & Mutations

You have a pair of horns on your head.
You reflexively headbutt those who attack you in melee.


Message History

The culicivora's wounds heal themselves!
The culicivora bites you but does no damage.
You see here a redback corpse.
The culicivora attacks as you move away!
The culicivora bites you but does no damage.
You feel sick.
The jumping spider leaps! x2
The culicivora attacks as you move away!
The culicivora closely misses you.
You feel sick.
The culicivora's wounds heal themselves!
You feel sick.
You hit the culicivora. You freeze the culicivora.
Your headbutt misses the culicivora.
The culicivora is lightly wounded.
You feel sick.
You are no longer poisoned.
The culicivora bites you but does no damage.
The jumping spider leaps!
The culicivora closely misses you. You furiously retaliate!
You headbutt the culicivora.
The culicivora bites you but does no damage. x2
You closely miss the culicivora.
The culicivora is lightly wounded.
You barely miss the culicivora. The culicivora bites you!
* * * LOW HITPOINT WARNING * * *
The culicivora draws strength from your injuries!
The culicivora bites you but does no damage.
You slash the culicivora! You freeze the culicivora.
Your headbutt misses the culicivora.
The culicivora is moderately wounded.
You barely miss the culicivora. The culicivora bites you.
* * * LOW HITPOINT WARNING * * *
The culicivora draws strength from your injuries!
The culicivora bites you but does no damage.
The culicivora bites you!
* * * LOW HITPOINT WARNING * * *
The culicivora draws strength from your injuries!
You feel better. The culicivora bites you!
* * * LOW HITPOINT WARNING * * *
The culicivora draws strength from your injuries!
The culicivora bites you!
You die...

#. ... #. . #..
..##^# ## #.#
#...... ##. #.#
..#.... #s.
##.###....... #.
#P.##P....#
#.........#
#s.s.....#
#@##.#.### #.s.##
# ## #.####### #..
#........ ...
#........ ...
#.................
#.................
#.................
#..............#..


You could see 2 culicivoras and a jumping spider.

Vanquished Creatures
  Gastronok (D:9)
  A two-headed ogre (D:9)
  Nergalle (Lair:2)
  4 deep trolls (D:8)
  A black mamba (Lair:2)
  4 cane toads (Lair:1)
  2 komodo dragons (Lair:1)
  A troll (D:9)
  A hornet (D:9)
  Eustachio (D:4)
  A wyvern (Lair:2)
  2 redbacks (Lair:2)
  Grum (D:9)
  An acid dragon (D:9)
  3 water moccasins
  3 orc warriors
  2 black bears (D:6)
  An ogre (D:6)
  2 ice beasts
  A sky beast (D:6)
  5 wolves (D:9)
  4 centaurs
  A phantom (D:7)
  2 kobold brigands
  11 bullfrogs
  2 scorpions
  2 gnoll sergeants
  7 wights (D:9)
  5 electric eels
  A howler monkey (D:7)
  6 hounds
  6 orc priests
  3 jellies
  A sleepcap (D:5)
  5 iguanas
  8 orc wizards
  8 gnolls
  6 adders
  4 shadow imps
  A white imp (D:8)
  3 ufetubi
  2 worms
  3 dart slugs
  23 orcs
  8 ball pythons
  6 bats
  5 endoplasms
  A giant cockroach (D:4)
  2 goblins
  2 hobgoblins
  A jackal (D:5)
  4 quokkas
  3 frilled lizards
  22 kobolds
  10 rats
217 creatures vanquished.

Notes
Turn   | Place    | Note
-------+----------+-------------------------------------------
     0 | D:1      | funkygono the Minotaur Fighter began the quest for the Orb.
     0 | D:1      | Reached XP level 1. HP: 19/19 MP: 0/0
   617 | D:1      | Reached XP level 2. HP: 27/27 MP: 1/1
   634 | D:1      | Identified a scroll of acquirement
   634 | D:1      | Acquired a +1 crystal plate armour
   893 | D:2      | Found Kiczucve's Distillery.
  1078 | D:2      | Reached XP level 3. HP: 32/33 MP: 2/2
  1539 | D:3      | Reached skill level 3 in Axes
  1561 | D:3      | Found a sparkling altar of Nemelex Xobeh.
  1691 | D:3      | Found a faded altar of an unknown god.
  1759 | D:3      | Reached XP level 4. HP: 38/40 MP: 3/3
  2222 | D:4      | Reached skill level 4 in Axes
  2304 | D:4      | Reached XP level 5. HP: 45/47 MP: 4/4
  2306 | D:4      | Reached skill level 5 in Armour
  2317 | D:4      | Found a staircase to the Ecumenical Temple.
  2329 | Temple   | Entered the Ecumenical Temple
  2558 | D:4      | Noticed Eustachio
  2589 | D:4      | Killed Eustachio
  2590 | D:4      | Reached skill level 5 in Axes
  2590 | D:4      | Reached XP level 6. HP: 17/53 MP: 5/5
  3033 | D:4      | Found Sialesch's Jewellery Emporium.
  3221 | D:5      | Entered Level 5 of the Dungeon
  3234 | D:5      | Reached skill level 6 in Axes
  3418 | D:5      | Found Mucw's Tremendous Tomes.
  3429 | D:5      | Reached skill level 5 in Fighting
  3429 | D:5      | Reached XP level 7. HP: 54/61 MP: 6/6
  3569 | D:5      | Found a snail-covered altar of Cheibriados.
  3569 | D:5      | Found a hide-covered altar of Uskayaw.
  3577 | D:5      | Found a blossoming altar of Fedhas.
  3579 | D:5      | Found a faded altar of an unknown god.
  3581 | D:5      | Found a stormy altar of Qazlal.
  3718 | D:5      | Reached skill level 7 in Axes
  4168 | D:5      | Found a white marble altar of Elyvilon.
  4348 | D:6      | Identified the +4 ring mail "Miefow" {Int+2 Dex+3}
  4369 | D:6      | Reached skill level 8 in Axes
  4369 | D:6      | Reached XP level 8. HP: 68/70 MP: 7/7
  4584 | D:6      | Reached skill level 5 in Shields
  4926 | D:6      | Reached skill level 9 in Axes
  5295 | D:7      | Identified the +0 scale mail "Kauleekh" {Rampage Int+4}
  5424 | D:7      | Found a sacrificial altar of Ru.
  5491 | D:7      | Reached skill level 10 in Axes
  5555 | D:7      | Reached XP level 9. HP: 77/78 MP: 8/8
  6780 | D:8      | Noticed a deep troll
  6782 | D:8      | Noticed a deep troll
  6782 | D:8      | Noticed a deep troll
  6783 | D:8      | Noticed a deep troll
  6790 | D:8      | Killed a deep troll
  6791 | D:8      | Reached skill level 11 in Axes
  6796 | D:8      | Killed a deep troll
  6802 | D:8      | Killed a deep troll
  6803 | D:8      | Reached skill level 12 in Axes
  6803 | D:8      | Reached XP level 10. HP: 18/88 MP: 9/9
  6809 | D:8      | HP: 2/88 [deep troll (8)]
  6815 | D:8      | Killed a deep troll
  7010 | D:8      | Found the amulet of Vitality {RegenMP++ Regen++}
  7091 | D:9      | Noticed Grum
  7098 | D:9      | Killed Grum
  7177 | D:9      | Reached skill level 10 in Armour
  7350 | D:9      | Reached skill level 13 in Axes
  7588 | D:9      | Found a staircase to the Lair.
  7743 | D:9      | Noticed Gastronok
  7754 | D:9      | Killed Gastronok
  7755 | D:9      | Reached skill level 1 in Evocations
  7845 | D:9      | Found an iron altar of Okawaru.
  7850 | D:9      | Became a worshipper of Warmaster Okawaru
  7987 | D:9      | Noticed a two-headed ogre
  7993 | D:9      | Killed a two-headed ogre
  7994 | D:9      | Reached skill level 1 in Throwing
  7994 | D:9      | Reached XP level 11. HP: 97/97 MP: 10/10
  8037 | D:9      | Reached * piety under Okawaru
  8050 | D:9      | Found a shimmering altar of Xom.
  8210 | Lair:1   | Entered Level 1 of the Lair of Beasts
  8255 | Lair:1   | Reached skill level 14 in Axes
  8506 | Lair:1   | Reached skill level 10 in Fighting
  9014 | Lair:2   | Noticed Nergalle
  9024 | Lair:2   | Killed Nergalle
  9025 | Lair:2   | Reached ** piety under Okawaru
  9112 | Lair:2   | Found a hole to the Spider Nest.
  9224 | Lair:2   | Slain by a culicivora

Illustrated notes

Levels and vault maps discovered:
D:1:      onia_arrival_handbag, layout_loops_ring
D:2:      layout_basic, serial_shops, shop, minmay_pentomino_p2
D:3:      layout_loops_ring, lemuel_doored_altar,
          nicolae_ecumenical_snake_handling
D:4:      layout_loops_ring, minmay_temple_entry_sparse_star, serial_shops,
          nicolae_shop_peninsula, uniq_eustachio
D:5:      layout_basic, nicolae_elyvilon_temple_path,
          chequers_temple_overflow_minitemple, nicolae_shop_i_like_big_books,
          hangedman_abyss_or_decor_slice, st_stairs_10,
          corexii_item_surrounded_by_moat, chequers_serial_rivers_micro_a
D:6:      layout_basic, nicolae_figureground_sparkle
D:7:      layout_loops_corners, lemuel_round_altar, minmay_misc_feat_five
D:8:      layout_loops_ring, hellmonk_guarded_unrand_vitality_bloodlust
D:9:      layout_loops_ring, hellmonk_okawaru_the_only_friend_you_need,
          mainiacjoe_overflow_catwalk, erik_lair_island, uniq_gastronok,
          uniq_grum
Temple:   nicolae_temple_bog_church
Lair:1:   layout_loops_ring, serial_bayou_lagoon_a
Lair:2:   statuecave_lemuel, layout_regular_city,
          nicolae_spider_entry_tight_spaces, uniq_nergalle

Skill      XL: |  1  2  3  4  5  6  7  8  9 10 11 |
---------------+----------------------------------+-----
Armour         | 4 5 6 7 9 11 | 11.6
Fighting       | 4 5 6 8 9 10 | 10.3
Axes           | 3 4 5 6 8 10 12 13 14 | 14.7
Shields        | 4 5 6 7 |  7.4
Evocations     | 1 |  1.7
Throwing       | 1 2 |  2.4
Invocations    | |  0.5

Action                     |  1- 3 |  4- 6 |  7- 9 | 10-12 || total
---------------------------+-------+-------+-------+-------++-------
  Melee: War axe           |    73 |    86 |   203 |   223 ||   585
         Headbutt          |    10 |    10 |    26 |    45 ||    91
  Throw: Boomerang         |       |       |       |    16 ||    16
 Invoke: Heroism           |       |       |       |     3 ||     3
  Evoke: Wand              |       |       |       |    11 ||    11
    Use: Scroll            |     8 |     2 |     8 |     3 ||    21
         Potion            |       |       |       |     4 ||     4
 Armour: Scale mail        |     9 |       |       |       ||     9
         Crystal plate arm |    42 |   110 |   216 |   161 ||   529
  Dodge: Dodged            |    22 |    16 |    53 |    42 ||   133
  Block: Buckler           |    11 |    21 |    58 |    42 ||   132

Table legend: (Time is in decaauts)
 A = Elapsed time spent in this place.
 B = Non-inter-level travel time spent in this place.
 C = Inter-level travel time spent in this place.
 D = Time resting spent in this place.
 E = Time spent auto-exploring this place.
 F = Levels seen in this place.
 G = Mean time per level.
                   A        B        C        D        E       F      G
               +--------+--------+--------+--------+--------+-----+--------+
         Total |   9301 |   8992 |    309 |    389 |   6771 |  12 |  775.1 |
       Dungeon |   8089 |   7835 |    254 |    389 |   5832 |   9 |  898.8 |
        Temple |    186 |    165 |     21 |      0 |    155 |   1 |  186.0 |
          Lair |   1026 |    992 |     34 |      0 |    783 |   2 |  513.0 |
               +--------+--------+--------+--------+--------+-----+--------+

Top non-repeatable levels by time:
     D:9: 1133 daAuts
     D:4: 1045 daAuts
     D:8: 952 daAuts
     D:5: 948 daAuts
     D:7: 928 daAuts
     D:6: 894 daAuts
  Lair:1: 801 daAuts
     D:2: 800 daAuts
     D:1: 703 daAuts
     D:3: 682 daAuts
  Lair:2: 224 daAuts
  Temple: 186 daAuts
